 Dungeon Crawl Stone Soup version 0.27-a0-1137-g3ef0f4ec91 (webtiles) character file.

Game seed: 4472032441743138118

1241 siradein the Cruncher (level 8, -3/56 HPs)
             Began as a Demonspawn Gladiator on May 6, 2021.
             Killed by nerve-wracking pain
             ... invoked by Menkaure
              (9 damage)
             ... on level 5 of the Dungeon.
             The game lasted 00:12:29 (5272 turns).

siradein the Cruncher (Demonspawn Gladiator)        Turns: 5272, Time: 00:12:30

Health: -3/56      AC:  7    Str: 17    XL:     8   Next: 25%
Magic:  8/8        EV: 12    Int:  9    God:
Gold:   229        SH:  0    Dex: 15    Spells: 7/7 levels left

rFire    . . .     SeeInvis .   a - +0 quarterstaff
rCold    . . .     Faith    .   (shield currently unavailable)
rNeg     . . .     Spirit   .   b - +0 leather armour
rPois    .         Reflect  .   c - +0 helmet
rElec    .         Harm     .   (no cloak)
rCorr    .         Rampage  .   (no gloves)
Will     .....                  (no boots)
Stlth    +.........             (no amulet)
HPRegen  0.18/turn              (no ring)
MPRegen  0.11/turn              (no ring)

@: no status effects
A: hooves 1, icy blue scales 2
a: no special abilities


You were on level 5 of the Dungeon.
You visited 1 branch of the dungeon, and saw 5 of its levels.
You also visited: Sewer.

You collected 229 gold pieces.

Inventory:

Hand Weapons
 a - a +0 quarterstaff (weapon)
Missiles
 d - 3 throwing nets (quivered)
 j - 53 sling bullets
Armour
 b - a +0 leather armour (worn)
 c - a +0 helmet (worn)
Wands
 w - a wand of digging (6)
Scrolls
 e - a scroll of immolation {unknown}
 g - a scroll of fear {unknown}
 i - 2 scrolls of noise {unknown}
 l - 4 scrolls of teleportation
 m - 2 scrolls of magic mapping {unknown}
 o - a scroll of vulnerability {unknown}
 p - a scroll of amnesia {unknown}
 s - a scroll of fog {unknown}
 t - a scroll of blinking {unknown}
 x - a scroll of enchant armour {unknown}
Potions
 f - a potion of cancellation
 h - 2 potions of attraction
 k - 4 potions of curing {unknown}
 n - 4 potions of heal wounds {unknown}
 q - a potion of lignification {unknown}
 r - a potion of flight {unknown}
 u - a potion of might {unknown}
 v - 2 potions of ambrosia {unknown}


   Skills:
 - Level 2.0 Fighting
 + Level 9.5 Staves
 - Level 1.7 Throwing
 - Level 2.6 Dodging


You had 7 spell levels left.
You didn't know any spells.
Your spell library contained the following spells:

 Spells                   Type           Power      Damage    Failure   Level
 Summon Small Mammal      Summ           0%         N/A       45%         1
 Call Imp                 Summ           0%         N/A       58%         2
 Call Canine Familiar     Summ           0%         N/A       83%         3
 Confusing Touch          Hex            0%         N/A       83%         3
 Gell's Gravitas          Tloc           0%         N/A       83%         3
 Summon Guardian Golem    Hex/Summ       0%         N/A       83%         3
 Petrify                  Tmut/Erth      0%         N/A       99%         4
 Summon Ice Beast         Ice/Summ       0%         N/A       99%         4
 Summon Lightning Spire   Summ/Air       0%         N/A       99%         4
 Metabolic Englaciation   Hex/Ice        0%         N/A       100%        5
 Yara's Violent Unravell  Hex/Tmut       0%         3d3       100%        5


Dungeon Overview and Level Annotations

Branches:
Dungeon (5/15)              Sewer (visited)
 Temple: D:4-7

Altars:
Makhleb
Trog
Yredelemnul
Zin
The Shining One

Annotations:
D:5 Menkaure


Innate Abilities, Weirdness & Mutations

You have large cloven feet.
You are mostly covered in icy blue scales. (AC +3)


Message History

Pikel is heavily wounded.
Pikel closely misses you.
You barely miss Pikel.
Pikel is heavily wounded.
Pikel hits you with a +2 whip of flaming.
Pikel burns you.
A lemure comes into view.
The lemure shouts!
You sock Pikel!
Pikel is severely wounded.
Pikel hits you but does no damage.
You closely miss Pikel.
Pikel is severely wounded.
Pikel hits you with a +2 whip of flaming.
* * * LOW HITPOINT WARNING * * *
Pikel burns you.
* * * LOW HITPOINT WARNING * * *
You hit Pikel. Your kick misses Pikel.
Pikel is almost dead.
Pikel hits you with a +2 whip of flaming!
* * * LOW HITPOINT WARNING * * *
Pikel burns you.
* * * LOW HITPOINT WARNING * * *
You sock Pikel!
You kill Pikel!
With Pikel's spell broken, his former minions thank you for their freedom.
The lemure departs this earthly plane. x2
Your Staves skill increases to level 9!
You have reached level 8!
You feel stronger.
You start resting.
Menkaure, Prince of Dust comes into view.
Menkaure gestures wildly while chanting.
Menkaure seems to speed up.
Menkaure breathes soot at you.
Menkaure sighs a few words.
Menkaure blazes with dark energy!
Menkaure points at you and mumbles some strange words.
Pain shoots through your body!
You die...

##<.......###..#..#### ..
#....................# ##
#......<....###......#
#...........# #......#
#...........# #......#
#...........# #......#
##........### #......# ##
##........## #......# #.
#........@.## #......## #.
#...........###.......###.
#............##........##.
#............####.####....
#............M..M.........
##...........####.#######.
##..........# #.# ##
##.........## #.#
##..........# #.#


You could see Menkaure (fast).

Vanquished Creatures
  Pikel (D:5)
  Sigmund (D:4)
  A sky beast (D:5)
  A kobold brigand (Sewer)
  A wyvern zombie (D:5)
  A bullfrog skeleton (D:5)
  2 hounds (D:4)
  An orc priest (D:3)
  Jessica (D:2)
  An iguana (D:5)
  2 orc wizards
  6 adders
  A river rat (Sewer)
  A white imp (D:5)
  6 worms
  16 orcs
  9 ball pythons
  6 endoplasms
  4 giant cockroaches
  7 goblins
  3 hobgoblins
  11 kobolds
  4 quokkas
  8 bats
  7 frilled lizards
  A jackal skeleton (D:4)
  10 rats
113 creatures vanquished.

Notes
Turn   | Place    | Note
-------+----------+-------------------------------------------
     0 | D:1      | siradein the Demonspawn Gladiator began the quest for the
                  | Orb.
     0 | D:1      | Reached XP level 1. HP: 16/16 MP: 1/1
   230 | D:1      | Reached skill level 3 in Staves
   409 | D:1      | Gained mutation: You are partially covered in icy blue
                  | scales. (AC +2) [demonic ancestry]
   409 | D:1      | Reached XP level 2. HP: 22/22 MP: 2/2
  1153 | D:2      | Noticed Jessica
  1172 | D:2      | Killed Jessica
  1173 | D:2      | Reached skill level 4 in Staves
  1173 | D:2      | Reached XP level 3. HP: 25/27 MP: 3/3
  1399 | D:2      | Found a faded altar of an unknown god.
  1452 | D:2      | Gained mutation: You have large cloven feet. [demonic
                  | ancestry]
  1452 | D:2      | Reached XP level 4. HP: 29/33 MP: 4/4
  2447 | D:3      | Reached skill level 5 in Staves
  2714 | D:3      | Gained mutation: You are mostly covered in icy blue scales.
                  | (AC +3) [demonic ancestry]
  2714 | D:3      | Reached XP level 5. HP: 29/38 MP: 5/5
  2905 | D:4      | Found a glowing drain.
  2934 | D:4      | Reached skill level 6 in Staves
  3088 | Sewer    | Entered a sewer
  3244 | Sewer    | Reached XP level 6. HP: 44/44 MP: 6/6
  4249 | D:4      | Noticed Sigmund
  4261 | D:4      | Killed Sigmund
  4262 | D:4      | Reached skill level 7 in Staves
  4262 | D:4      | Reached XP level 7. HP: 44/50 MP: 7/7
  4430 | D:4      | Found a burning altar of Makhleb.
  4581 | D:5      | Entered Level 5 of the Dungeon
  4876 | D:5      | Found a basalt altar of Yredelemnul.
  5083 | D:5      | Found a bloodstained altar of Trog.
  5107 | D:5      | Reached skill level 8 in Staves
  5224 | D:5      | Noticed Pikel
  5241 | D:5      | HP: 1/50 [Pikel/+2 whip of flaming (3)]
  5242 | D:5      | Killed Pikel
  5243 | D:5      | Reached skill level 9 in Staves
  5243 | D:5      | Reached XP level 8. HP: 1/56 MP: 8/8
  5248 | D:5      | Noticed Menkaure
  5272 | D:5      | Killed from afar by Menkaure

Illustrated notes

Levels and vault maps discovered:
D:1:      dpeg_arrival_subterranean_lakeside_camping, layout_loops_ring,
          minivault_19
D:2:      layout_rooms, basic_altar, hellmonk_ecumenical_altar_run_dry,
          dk_noncrumbling_3, uniq_jessica
D:3:      layout_loops_cross
D:4:      layout_loops_ring, bloody_makhleb, cheibrodos_sewer_entry_drain,
          uniq_sigmund
D:5:      layout_rooms, marbit_many_paths, lemuel_round_altar,
          chequers_temple_overflow_statue_of_worship,
          minmay_temple_entry_junction, uniq_menkaure, uniq_pikel, uniq_edmund

Skill      XL: |  1  2  3  4  5  6  7 |
---------------+----------------------+-----
Staves         | 3 4 5 6 7 9 |  9.5
Fighting       | |  2.0
Throwing       | |  1.7
Dodging        | |  2.6

Action                   |  1- 3 |  4- 6 |  7- 9 || total
-------------------------+-------+-------+-------++-------
Melee: Quarterstaff      |    89 |   252 |    57 ||   398
       Kick              |       |    68 |    16 ||    84
  Use: Scroll            |       |     3 |       ||     3
 Stab: Sleeping          |     1 |     1 |       ||     2
       Distracted        |       |     1 |       ||     1
Armor: Leather armour    |    34 |    69 |    13 ||   116
Dodge: Dodged            |    56 |   157 |    23 ||   236

Table legend: (Time is in decaauts)
 A = Elapsed time spent in this place.
 B = Non-inter-level travel time spent in this place.
 C = Inter-level travel time spent in this place.
 D = Time resting spent in this place.
 E = Time spent auto-exploring this place.
 F = Levels seen in this place.
 G = Mean time per level.
                   A        B        C        D        E       F      G
               +--------+--------+--------+--------+--------+-----+--------+
         Total |   5364 |   5267 |     97 |    154 |   4151 |   6 |  894.0 |
       Dungeon |   4523 |   4426 |     97 |    145 |   3531 |   5 |  904.6 |
         Sewer |    840 |    840 |      0 |      9 |    620 |   1 |  840.0 |
               +--------+--------+--------+--------+--------+-----+--------+

Top non-repeatable levels by time:
     D:3: 1163 daAuts
     D:1: 1129 daAuts
     D:4: 1031 daAuts
   Sewer: 840 daAuts
     D:5: 633 daAuts
     D:2: 566 daAuts
